 Dungeon Crawl Stone Soup version 0.25-a0-435-g4b9beb1024 (webtiles) character file.

Game seed: 1010699607548931690, levelgen mode: deterministic

44 Kohma the Grave Robber (level 3, -2/19 HPs)
             Began as a Deep Elf Necromancer on Jan 28, 2020.
             Slain by a bullfrog skeleton (3 damage)
             ... on level 2 of the Dungeon.
             The game lasted 00:04:37 (1644 turns).

Kohma the Grave Robber (Deep Elf Necromancer)       Turns: 1644, Time: 00:04:38

Health: -2/19      AC:  2    Str:  6    XL:     3   Next: 41%
Magic:  9/10       EV: 13    Int: 19    God:
Gold:   59         SH:  0    Dex: 15    Spells: 4/9 levels left

rFire    . . .     SeeInvis .   s - +0 dagger
rCold    . . .     Gourm    .   (no shield)
rNeg     . . .     Faith    .   a - +0 robe
rPois    .         Spirit   .   (no helmet)
rElec    .         Reflect  .   (no cloak)
rCorr    .         Harm     .   (no gloves)
MR       .....                  (no boots)
Stlth    ++........             (no amulet)
HPRegen  0.06/turn              (no ring)
MPRegen  0.12/turn              (no ring)

@: no status effects
A: no striking features
a: no special abilities


You were on level 2 of the Dungeon.
You were not hungry.

You visited 1 branch of the dungeon, and saw 2 of its levels.

You collected 59 gold pieces.

Inventory:

Hand Weapons
 s - a +0 dagger (weapon)
Missiles
 h - 11 poisoned darts (quivered)
Armour
 a - a +0 robe (worn)
 q - a cursed +0 buckler
Jewellery
 k - a +3 ring of strength {unknown}
 p - an uncursed ring of protection from cold {unknown}
Scrolls
 b - a scroll of remove curse {unknown}
 f - a scroll of fog {unknown}
 g - a scroll of fear {unknown}
 j - a scroll of enchant armour {unknown}
 m - 2 scrolls of blinking {unknown}
Potions
 d - a potion of degeneration {unknown}
 e - 3 potions of curing {unknown}
 i - a potion of flight {unknown}
 l - a potion of cancellation {unknown}
 n - 2 potions of ambrosia {unknown}
 o - a potion of berserk rage {unknown}
 r - 2 potions of lignification {unknown}
Comestibles
 c - a ration


   Skills:
 + Level 3.0 Dodging
 + Level 3.1 Stealth
 + Level 3.5 Spellcasting
 * Level 5.4 Necromancy


You had 4 spell levels left.
You knew the following spells:

 Your Spells              Type           Power        Failure   Level  Hunger
a - Pain                  Necr           ###.         1%          1    None
b - Animate Skeleton      Necr           N/A          1%          1    None
c - Vampiric Draining     Necr           ###.......   4%          3    ###....

Your spell library contained the following spells:

 Spells                   Type           Power        Failure   Level  Hunger
 Animate Dead             Necr           N/A          16%         4    ####...
 Agony                    Necr           ###.....     41%         5    ######.


Dungeon Overview and Level Annotations

Branches:
Dungeon (2/15)

Altars:


Message History

a chunk of flesh; a rat skeleton You hit the bullfrog skeleton.
The bullfrog skeleton is lightly damaged.
The bullfrog skeleton hits you.
You hit the bullfrog skeleton.
The bullfrog skeleton is lightly damaged.
The bullfrog skeleton completely misses you.
The bullfrog skeleton misses you.
You hit the bullfrog skeleton.
The bullfrog skeleton is moderately damaged.
The bullfrog skeleton barely misses you.
You hit the bullfrog skeleton.
The bullfrog skeleton is moderately damaged.
The bullfrog skeleton hits you!
You barely miss the bullfrog skeleton.
The bullfrog skeleton is moderately damaged.
The bullfrog skeleton hits you.
* * * LOW HITPOINT WARNING * * *
The bullfrog skeleton hits you.
You die...

#####'##.#.#..
#..........# .
#(.......#....########
#..........#..$........
#...)....#...#.........
#..........#...........
#........#.............
#..........#.#.Z.......
#........#....@........
#..........#.#.........
###รท...........%.......
#..>...................
#........#......##.###.
#........#......# .#
#........#.)....# #
#........#.......#
#........#.......#


You could see a bullfrog skeleton.

Vanquished Creatures
  3 oozes
  A dart slug (D:1)
  2 leopard geckos (D:1)
  A ball python (D:1)
  A giant cockroach (D:2)
  4 goblins
  2 hobgoblins (D:1)
  6 bats
  2 frilled lizards
  A kobold (D:1)
  5 rats
28 creatures vanquished.

Vanquished Creatures (collateral kills)
  A leopard gecko (D:1)
1 creature vanquished.

Grand Total: 29 creatures vanquished

Notes
Turn   | Place    | Note
-------+----------+-------------------------------------------
     0 | D:1      | Kohma the Deep Elf Necromancer began the quest for the Orb.
     0 | D:1      | Reached XP level 1. HP: 10/10 MP: 6/6
   220 | D:1      | Reached skill level 5 in Necromancy
   294 | D:1      | Reached XP level 2. HP: 13/15 MP: 4/8
   592 | D:1      | Learned a level 1 spell: Animate Skeleton
  1042 | D:1      | Reached XP level 3. HP: 15/19 MP: 4/9
  1258 | D:1      | Learned a level 3 spell: Vampiric Draining
  1644 | D:2      | Slain by a bullfrog skeleton

Levels and vault maps discovered:
D:1:      psy_arrival_heroes, layout_basic
D:2:      layout_basic, chequers_ecumenical_altar_simple,
          minmay_misc_feat_pillars, uniq_robin

Skill      XL: |  1  2  3 |
---------------+----------+-----
Necromancy     | 5 |  5.4
Stealth        | 3 |  3.1
Dodging        | 3 |  3.0
Spellcasting   | |  3.5

Action                   || total
-------------------------++-------
Melee: Dagger            ||     5
 Cast: Pain              ||    50
       Animate Skeleton  ||     4
       Vampiric Draining ||     2
  Eat: Ration            ||     1
Armor: Robe              ||     4
Dodge: Dodged            ||    11

Table legend:
 A = Non-vault XP
 B = Vault XP
 C = Vault XP percentage of total XP
 D = Non-vault monster count
 E = Vault monster count
 F = Vault count percentage of total count
                 A         B        C        D         E       F
            +---------+---------+-------+---------+---------+-------
      Total |      64 |       0 |   0.0 |      29 |       0 |   0.0
            +---------+---------+-------+---------+---------+-------
        D:1 |      45 |       0 |   0.0 |      19 |       0 |   0.0
        D:2 |      19 |       0 |   0.0 |      10 |       0 |   0.0
            +---------+---------+-------+---------+---------+-------
